Map: Kairos Junction LE

Players

AqueroN

  • Race: Terran Terran
  • League: Grandmaster
  • Spawn Location: 5:00

Lambo - Winner!

  • Race: Zerg Zerg
  • League: Grandmaster
  • Spawn Location: 11:00

VOD

Have the link to the VOD?

Description

Time

  • Played on: Dec. 27, 2018, 12:59 p.m.
  • Length: 12:58
Show
View Real Time Build Order
Export as new Build Order

AqueroN Terran 

Build Orders: Gas First Reaper Expand, Hellion Banshee 

Get SALT Encoding   

  12  0:00  SCV  
  13  0:13  SCV  
  14  0:17  Supply Depot  
  14  0:25  SCV  
  15  0:29  Refinery  
  15  0:38  SCV  
  16  0:45  Barracks  
  16  0:50  SCV  
  17  1:02  SCV  
  18  1:14  SCV  
  19  1:31  Orbital Command  
  19  1:32  Reaper  
  20  1:43  Command Center  
  20  1:53  Factory  
  20  1:57  SCV  
  21  2:03  Supply Depot  
  21  2:06  Barracks Reactor  
  21  2:10  SCV  
  22  2:16  Refinery  
  22  2:22  SCV  
  23  2:34  SCV  
  24  2:46  SCV, Hellion  
  24  2:47  Hellion  
  24  2:49  Starport  
  24  2:50  Marine  
  30  2:56  Orbital Command  
  31  2:58  SCV  
  31  3:10  Hellion x2  
  31  3:12  Barracks Tech Lab  
  35  3:15  SCV  
  36  3:23  Supply Depot  
  36  3:24  SCV  
  37  3:27  SCV  
  38  3:38  Cloaking Field, Banshee  
  41  3:41  SCV x2  
  41  3:44  Hellion  
  47  3:48  Hellion  
  47  3:54  SCV  
  48  3:58  SCV  
  49  4:06  Command Center  
  49  4:11  SCV  
  50  4:20  Barracks Tech Lab  
  50  4:21  Banshee  
  53  4:26  Barracks  
  53  4:27  Barracks  
  53  4:31  Factory Reactor  
  53  4:32  Supply Depot  
  53  4:34  SCV  
  54  4:39  Supply Depot  
  54  4:41  Stimpack  
  54  4:50  Engineering Bay  
  54  4:51  Engineering Bay  
  54  4:53  Marine, SCV  
  54  4:54  SCV  
  57  5:06  SCV x2  
  59  5:11  Refinery  
  59  5:12  Marine  
  60  5:14  Marine x2  
  60  5:15  Starport Reactor  
  60  5:17  Barracks  
  60  5:19  Barracks  
  62  5:23  Terran Infantry Armor Level 1  
  62  5:28  Terran Infantry Weapons Level 1  
  62  5:29  SCV  
  62  5:30  SCV  
  62  5:34  Orbital Command  
  64  5:36  Marine x2  
  64  5:38  Marine  
  67  5:44  SCV x2  
  67  5:46  Marine x2  
  67  5:48  Siege Tank  
  74  5:54  Viking  
  74  5:59  SCV  
  74  6:00  Marine x3  
  74  6:03  SCV  
  77  6:04  Marine  
  77  6:05  Orbital Command  
  77  6:07  Supply Depot  
  77  6:11  SCV, Supply Depot  
  79  6:15  SCV, Barracks Reactor  
  79  6:16  Marine, Barracks Reactor  
  79  6:18  Marine x2  
  82  6:23  SCV  
  84  6:28  SCV  
  84  6:29  Medivac x2  
  84  6:31  Marine x2  
  91  6:34  SCV  
  91  6:35  SCV  
  91  6:36  Refinery  
  93  6:40  SCV  
  93  6:41  Marine x3, Supply Depot  
  93  6:42  Supply Depot  
  93  6:46  Supply Depot x2  
  97  6:53  Marine x4  
  101  6:57  Armory  
  101  7:02  Marine x2  
  101  7:03  Marine x2  
  101  7:07  Siege Tank  
  105  7:16  Marine x4  
  105  7:19  SCV  
  105  7:20  Factory, SCV x2, Supply Depot  
  112  7:27  Marine x4  
  116  7:31  Medivac x2  
  116  7:32  Barracks  
  116  7:33  Barracks  
  116  7:35  SCV  
  116  7:36  Refinery  
  121  7:37  SCV  
  121  7:41  Marine x3  
  121  7:43  Marine x2  
  125  7:47  Combat Shield  
  125  7:51  Marine x3  
  125  7:54  Siege Tank  
  116  8:08  Terran Infantry Armor Level 2  
  116  8:09  SCV  
  116  8:10  Marine x3, SCV  
  114  8:13  Marine  
  114  8:14  Marine x4  
  114  8:18  SCV  
  120  8:21  Refinery, SCV  
  120  8:22  SCV  
  120  8:23  Command Center  
  120  8:25  Marine, Terran Infantry Weapons Level 2  
  123  8:28  Barracks Tech Lab x2  
  123  8:30  SCV  
  123  8:31  Marine x4  
  123  8:34  SCV  
  129  8:38  SCV  
  129  8:40  Factory Reactor  
  126  8:42  SCV  
  126  8:46  SCV  
  126  8:47  Marine x3, Widow Mine  
  139  8:48  Marauder x3  
  139  8:51  SCV  
  139  8:53  Supply Depot, Sensor Tower  
  139  8:54  SCV  
  141  9:00  SCV  
  138  9:05  Marine x2  
  138  9:06  Marine x5  
  134  9:11  Missile Turret  
  134  9:12  Missile Turret x2  
  134  9:16  Missile Turret  
  132  9:24  Widow Mine  
  132  9:25  Widow Mine  
  132  9:26  Marine x2, Marauder x2  
  132  9:30  SCV x3  
  141  9:31  Marine x3  
  141  9:34  Widow Mine  
  146  9:42  Marine  
  146  9:43  Marauder  
  141  9:46  Widow Mine, Drilling Claws  
  141  9:51  Medivac x2  
  141  9:52  Marine x2, Marauder  
  149  9:53  Marine, Marauder  
  152  10:04  Marine x3, Marauder  
  152  10:05  Concussive Shells  
  157  10:11  Widow Mine x3  
  157  10:13  Marine  
  157  10:14  Marine, Marauder  
  167  10:16  Missile Turret  
  167  10:21  Medivac x2  
  169  10:22  Marine  
  172  10:30  Marauder  
  172  10:43  Marine  
  167  10:51  Missile Turret, Medivac x2  
  169  11:00  Marine  
  169  11:01  Marine x4  
  169  11:02  Marauder  
  169  11:03  Marauder x2  
  180  11:09  Orbital Command  
  180  11:11  Widow Mine  
  180  11:12  Widow Mine  
  176  11:25  Supply Depot  
  170  11:26  Marine x3, Supply Depot x2  
  173  11:44  Marine  
  173  11:46  Marine x3  
  173  11:47  Marine x2, Marauder  
  165  12:07  Marine x2, Marauder x2  
  153  12:12  Widow Mine  
  153  12:13  Marauder  
  153  12:14  Marine x3  
  153  12:15  Marine x3  
  144  12:25  Marine x2  
  144  12:28  Marine, Marauder  
  139  12:32  Marine x4  
Show
View Real Time Build Order
Export as new Build Order

Lambo Zerg - Winner!

Build Orders: Hatch First, Muta Ling Bane 

Get SALT Encoding   

  12  0:00  Drone  
  13  0:13  Overlord  
  13  0:17  Drone  
  14  0:32  Drone x2  
  16  0:48  Hatchery  
  15  0:51  Drone  
  15  0:55  Drone  
  17  0:58  Drone  
  18  1:09  Extractor  
  17  1:13  Spawning Pool  
  17  1:17  Drone  
  17  1:20  Drone  
  18  1:28  Drone  
  19  1:40  Drone  
  20  1:51  Overlord  
  20  2:00  Queen x2  
  20  2:01  Zergling x4  
  26  2:11  Metabolic Boost  
  26  2:13  Drone x2  
  28  2:26  Drone x2  
  30  2:41  Hatchery  
  30  2:42  Drone  
  30  2:43  Drone  
  31  2:45  Drone  
  31  2:50  Pneumatized Carapace  
  32  2:54  Drone  
  32  2:57  Drone  
  34  3:00  Drone  
  35  3:08  Drone  
  36  3:14  Overlord  
  36  3:15  Overlord  
  36  3:20  Queen, Extractor x2  
  38  3:32  Drone x5  
  38  3:34  Queen  
  43  3:37  Drone  
  46  3:42  Drone x3  
  49  3:50  Zergling x4  
  51  3:57  Drone x2  
  51  4:00  Drone  
  52  4:03  Queen  
  52  4:05  Queen  
  52  4:07  Zergling x2  
  52  4:08  Zergling x2  
  58  4:11  Overlord, Spore Crawler  
  58  4:13  Overlord  
  58  4:16  Spore Crawler  
  56  4:20  Spore Crawler, Drone  
  56  4:21  Overlord  
  56  4:22  Drone x2  
  58  4:26  Overlord  
  58  4:35  Zergling x8  
  58  4:37  Drone x2  
  64  4:41  Evolution Chamber  
  64  4:42  Drone  
  64  4:44  Evolution Chamber  
  63  4:47  Drone x2  
  63  4:49  Drone  
  63  4:50  Drone x3  
  69  4:54  Drone  
  69  4:59  Drone x2  
  71  5:02  Extractor  
  71  5:04  Extractor  
  71  5:06  Drone  
  69  5:08  Zerg Ground Armor Level 1  
  69  5:10  Drone x2  
  69  5:13  Drone x3  
  69  5:14  Drone x3  
  76  5:16  Zerg Melee Weapons Level 1  
  76  5:18  Overlord  
  76  5:19  Drone x2  
  79  5:22  Drone  
  79  5:26  Overlord  
  80  5:30  Drone x2  
  80  5:33  Extractor, Drone x2  
  80  5:34  Lair  
  83  5:37  Extractor  
  83  5:38  Extractor  
  81  5:45  Drone x8  
  81  5:48  Drone  
  89  5:54  Zergling x6  
  89  5:57  Zergling x4  
  88  6:04  Drone  
  89  6:11  Hatchery  
  89  6:15  Baneling Nest, Zergling x2  
  89  6:16  Zergling x6  
  91  6:25  Zergling x14  
  98  6:34  Zergling x2  
  98  6:35  Zergling x4  
  98  6:36  Spire  
  100  6:43  Zergling x8  
  104  6:48  Overseer  
  103  7:03  Zerg Ground Armor Level 2  
  103  7:07  Drone x2  
  103  7:08  Drone  
  102  7:17  Queen  
  102  7:19  Centrifical Hooks  
  102  7:20  Zergling x2  
  102  7:21  Overlord x2  
  102  7:22  Overlord x2  
  105  7:27  Zerg Melee Weapons Level 2  
  105  7:28  Overlord  
  105  7:29  Baneling x5  
  105  7:31  Overlord  
  105  7:32  Overlord  
  105  7:35  Zergling x2  
  105  7:36  Zergling x10  
  111  7:37  Hatchery  
  111  7:39  Overlord  
  111  7:42  Zergling x10  
  115  7:45  Queen  
  115  7:50  Zergling x14  
  122  7:53  Extractor  
  122  7:54  Zergling x8  
  122  7:55  Extractor  
  112  7:59  Zergling x12  
  112  8:02  Zerg Flyer Weapons Level 1  
  111  8:11  Mutalisk x3, Drone  
  118  8:17  Mutalisk x3  
  118  8:18  Mutalisk x2  
  128  8:25  Drone x4  
  131  8:30  Mutalisk x3  
  131  8:32  Overseer  
  134  8:34  Overlord  
  134  8:36  Mutalisk x3  
  138  8:42  Mutalisk  
  138  8:45  Overlord  
  138  8:46  Baneling  
  138  8:48  Overlord  
  140  8:49  Drone x5  
  145  8:57  Overlord  
  145  8:59  Baneling x8  
  144  9:06  Mutalisk x2  
  148  9:10  Zergling x16  
  157  9:17  Drone x3  
  157  9:18  Infestation Pit  
  157  9:23  Mutalisk x2  
  162  9:26  Zergling x6  
  165  9:32  Zergling x12  
  171  9:39  Mutalisk x3  
  175  9:51  Queen  
  177  9:55  Extractor  
  177  9:56  Extractor  
  177  9:59  Zerg Flyer Weapons Level 2, Hive  
  176  10:00  Drone x2  
  176  10:05  Hatchery  
  176  10:06  Mutalisk  
  176  10:07  Mutalisk x2  
  176  10:10  Drone x3  
  176  10:12  Mutalisk  
  187  10:21  Mutalisk x3  
  187  10:27  Drone x8  
  194  10:39  Drone x3  
  194  10:41  Spore Crawler  
  196  10:44  Overseer x2  
  196  10:51  Baneling x6  
  195  11:02  Overlord  
  187  11:11  Zergling x6  
  187  11:12  Overlord x2  
  187  11:14  Adrenal Glands  
  187  11:16  Ultralisk Cavern  
  185  11:21  Mutalisk x4  
  185  11:23  Zergling x32  
  197  11:28  Drone x3  
  200  11:42  Baneling x8  
  199  11:47  Zergling x2  
  199  11:49  Baneling x6  
  196  11:54  Baneling x7  
  196  11:55  Baneling  
  193  12:01  Zergling x2  
  193  12:02  Zergling x12  
  191  12:09  Zergling x18  
  191  12:11  Baneling x24  
  194  12:20  Zergling x14  
  198  12:24  Baneling x7  
  189  12:30  Zergling x8  
  189  12:34  Zergling x4  
  182  12:38  Zergling x4  
  182  12:39  Baneling  
  182  12:40  Baneling  
Tags
 
Add a new tag
Caveats
  • Supply blocks, unpowered buildings, or Contaminate may cause inaccurate times.
  • Supply counts are checked every 10 seconds.